 Dungeon Crawl Stone Soup version 0.28.0 (webtiles) character file.

Game seed: 7502844336314904168

16 bromine the Grave Robber (level 2, 0/19 HPs)
             Began as a Demonspawn Necromancer on Feb 15, 2022.
             Slain by a hobgoblin (5 damage)
             ... led by Robin
             ... on level 2 of the Dungeon.
             The game lasted 00:08:28 (2866 turns).

bromine the Grave Robber (Demonspawn Necromancer)   Turns: 2866, Time: 00:08:29

Health: 0/19       AC:  2    Str:  8    XL:     2   Next: 37%
Magic:  1/5        EV: 12    Int: 16    God:
Gold:   24         SH:  0    Dex: 13    Spells: 1/5 levels left

rFire   . . .      SeeInvis .   b - +0 short sword
rCold   . . .      Faith    .   (no shield)
rNeg    . . .      Spirit   .   (no armour)
rPois   .          Reflect  .   (no helmet)
rElec   .          Harm     .   (no cloak)
rCorr   .          Rampage  .   (no gloves)
Will    .....                   (no boots)
Stlth   ++........              (no amulet)
HPRegen 0.06/turn               (no ring)
MPRegen 0.09/turn               (no ring)

@: no status effects
A: icy blue scales 1
a: no special abilities


You were on level 2 of the Dungeon.
You visited 1 branch of the dungeon, and saw 2 of its levels.

You collected 24 gold pieces.

Inventory:

Hand Weapons
 b - a +0 short sword (weapon)
Armour
 a - a +0 robe
 e - a +0 chain mail
Scrolls
 d - a scroll of summoning


   Skills:
 + Level 0.2 Fighting
 + Level 2.0 Dodging
 + Level 2.0 Stealth
 + Level 2.2 Spellcasting
 + Level 4.6 Necromancy


You had one spell level left.
You knew the following spells:

 Your Spells              Type           Power      Damage    Failure   Level
a - Pain                  Necr           64%        1d7       3%          1
b - Animate Skeleton      Necr           32%        N/A       3%          1
c - Blink                 Tloc           2%         N/A       30%         2

Your spell library contained the following spells:

 Spells                   Type           Power      Damage    Failure   Level
 Vampiric Draining        Necr           16%        2d7       9%          3
 Animate Dead             Necr           8%         N/A       30%         4
 Lesser Beckoning         Tloc           1%         N/A       52%         3
 Agony                    Necr           16%        N/A       63%         5
 Manifold Assault         Tloc           1%         N/A       99%         5


Dungeon Overview and Level Annotations

Branches:
Dungeon (2/15)

Altars:

Annotations:
D:2 Robin


Innate Abilities, Weirdness & Mutations

You are partially covered in icy blue scales. (AC +2)


Message History

Confirm with . or Enter, or press ? or * to list all spells.
Aiming: Pain (safe; 3% risk of failure)
Press: ? - help, Shift-Dir - straight line, f/p - Robin
Aim: Robin, wielding a +0 mace, wearing a +0 animal skin and wearing a +0 helmet (lightly wounded, chance to affect: 80%) Robin writhes in agony.
The goblin shouts!
You hear a shout!
Casting: Pain (safe; 3% risk of failure)
Confirm with . or Enter, or press ? or * to list all spells.
Aiming: Pain (safe; 3% risk of failure)
Press: ? - help, Shift-Dir - straight line, f/p - Robin
Aim: Robin, wielding a +0 mace, wearing a +0 animal skin and wearing a +0 helmet (moderately wounded, chance to affect: 80%) Robin writhes in agony.
An adder comes into view.
The adder hisses angrily.
A rat comes into view.
Really attack while wielding nothing? [Y]es or [N]o only, please.
Really attack while wielding nothing? [Y]es or [N]o only, please.
Really attack while wielding nothing? [Y]es or [N]o only, please.
Really attack while wielding nothing? [Y]es or [N]o only, please.
Really attack while wielding nothing? [Y]es or [N]o only, please.
Really attack while wielding nothing?
Okay, then.
b - a +0 short sword (weapon)
Robin hits you with a +0 mace.
The goblin shouts!
You hit Robin but do no damage.
Robin is moderately wounded.
The hobgoblin hits you. Robin hits you with a +0 mace.
Casting: Pain (safe; 3% risk of failure)
Confirm with . or Enter, or press ? or * to list all spells.
Aiming: Pain (safe; 3% risk of failure)
Press: ? - help, Shift-Dir - straight line, f/p - Robin
Aim: Robin, wielding a +0 mace, wearing a +0 animal skin and wearing a +0 helmet (moderately wounded, chance to affect: 80%) Robin writhes in agony.
The hobgoblin hits you.
You die...

.###.#......##....^..#g..#.
#.#.#######.............
##.#.###########.........
.##...........# #.........
.........####'####.........
.##.#..####......#..gr....
#.#..####......#....#
(##.#....##.....g#Sg..###
................@gg)g....
..>......)<#..##♣♣♣##...#
♣♣♣##♣♣♣.......♣ .
♣♣....♣♣♣ ♣.♣♣♣♣ ♣.. ♣♣.♣
♣. ..


You could see Robin, an adder, a hobgoblin, 4 goblins and a rat.

Vanquished Creatures
  An endoplasm (D:1)
  5 goblins
  2 hobgoblins
  2 bats (D:1)
  A frilled lizard (D:1)
  2 kobolds (D:1)
  A rat (D:2)
14 creatures vanquished.

Vanquished Creatures (others)
  34 plants (D:2)
34 creatures vanquished.

Grand Total: 48 creatures vanquished

Notes
Turn   | Place    | Note
-------+----------+-------------------------------------------
     0 | D:1      | bromine the Demonspawn Necromancer began the quest for the
                  | Orb.
     0 | D:1      | Reached XP level 1. HP: 13/13 MP: 3/3
   669 | D:1      | Learned a level 1 spell: Animate Skeleton
   767 | D:1      | Found a faded altar of an unknown god.
   768 | D:1      | Noticed an eye of devastation
   776 | D:1      | Noticed a great orb of eyes
   777 | D:1      | Noticed a floating eye
   777 | D:1      | Noticed a floating eye
  1730 | D:1      | Gained mutation: You are partially covered in icy blue
                  | scales. (AC +2) [demonic ancestry]
  1730 | D:1      | Reached XP level 2. HP: 16/19 MP: 1/5
  1877 | D:1      | Learned a level 2 spell: Blink
  2357 | D:2      | Noticed Robin
  2866 | D:2      | Slain by a hobgoblin

Illustrated notes

Levels and vault maps discovered:
D:1:      lightli_molten_gateway, layout_loops_cross,
          hellmonk_ecumenical_altar_watching_god, serial_park_tiny_pond
D:2:      wad_woods_pond, layout_basic, minmay_misc_feat_roman,
          serial_park_tiny_1, hex_tiny, glass_columns_b, uniq_robin

Skill      XL: |  1  2 |
---------------+-------+-----
Stealth        | 2 |  2.0
Dodging        | 2 |  2.0
Fighting       | |  0.2
Spellcasting   | |  2.2
Necromancy     | |  4.6

Action                   || total
-------------------------++-------
Melee: Unarmed           ||    43
       Short sword       ||     1
 Cast: Pain              ||    24
  Use: Scroll            ||     6
Armor: Robe              ||    13
       Skin              ||     3
Dodge: Dodged            ||    44
